[Event "Titled Tuesday Blitz July 26 Late 2022"]
[White "Domingo Nunez, Ruben"]
[Black "Maksimovic, Bojan"]
[WhiteFideId "22245570"]
[BlackFideId "14408120"]
[WhiteElo "2373"]
[BlackElo "2453"]
[Result "0-1"]
[Round "08"]
[TimeControl "180+1"]
[Date "2022.07.26"]
[WhiteClock "0:00:01"]
[BlackClock "0:00:03"]

1. b3 Nf6 2. Bb2 g6 3. e4 d6 4. Qe2 Bg7 5. d4 Nc6 6. h3 e5 7. d5 Nd4 8. Qd1 Nxe4 9. Bd3 Nc5 10. Bxd4 exd4 11. Nf3 Qe7+ 12. Kf1 O-O 13. Na3 Nxd3 14. Qxd3 Bf5 15. Qc4 d3 16. Re1 Qf6 17. cxd3 Rfe8 18. Rxe8+ Rxe8 19. g4 Bd7 20. Kg2 c6 21. Re1 Rxe1 22. Nxe1 cxd5 23. Qc7 Bc6 24. Qc8+ Bf8 25. Nac2 d4+ 26. Kf1 Qh4 27. Nxd4 Qxh3+ 28. Ke2 Bd5 29. Nb5 h5 30. Nxd6 hxg4 31. Ne8 Qh4 32. Qd7 Be6 33. Qxb7 Qd8 34. Nc7 Qd7 35. Qb8 Kg7 36. Nxe6+ Qxe6+ 37. Kd1 Bc5 38. Qf4 Qf5 39. Qxf5 gxf5 40. Ke2 Kf6 41. Nc2 Ke5 42. b4 Bb6 43. a4 f4 44. a5 f3+ 45. Kf1 Bd4 46. b5 Bc3 47. d4+ Kd5 48. b6 axb6 49. a6 Kc6 50. d5+ Kc7 51. d6+ Kb8 52. d7 Bf6 53. Nb4 Ka8 54. Nc6 b5 55. d8=Q+ Bxd8 56. Nxd8 b4 57. Nc6 b3 58. Nb4 b2 0-1


[Site "https://www.chess.com"]

[Event "Titled Tuesday Blitz July 26 Late 2022"]
[White "Ernst, Sipke"]
[Black "Zhigalko, Sergei"]
[WhiteFideId "1004689"]
[BlackFideId "13502956"]
[WhiteElo "2436"]
[BlackElo "2662"]
[Result "1/2-1/2"]
[Round "08"]
[TimeControl "180+1"]
[Date "2022.07.26"]
[WhiteClock "0:00:17"]
[BlackClock "0:00:05"]

1. d4 Nf6 2. c4 e6 3. g3 c5 4. Nf3 cxd4 5. Nxd4 Qc7 6. Nd2 Bc5 7. N2b3 Be7 8. Bf4 Bb4+ 9. Bd2 Be7 10. c5 Nc6 11. Nb5 Qb8 12. Bf4 e5 13. Bg5 O-O 14. Bg2 b6 15. Bxf6 Bxf6 16. Nd6 bxc5 17. O-O Ba6 18. Nxc5 Bxe2 19. Nxd7 Qxb2 20. Qc1 e4 21. Nxf6+ Qxf6 22. Qxc6 Bxf1 23. Rxf1 Rad8 24. Rd1 Qb2 25. Qxe4 Qxa2 26. Qe1 Qe6 27. Qd2 a5 28. Bc6 g6 29. Ba4 Qf6 30. Bb3 Kg7 31. h4 h5 32. Qd5 Kh7 33. Kg2 Kg7 34. Rd3 Qb2 35. Qg5 Qf6 36. Qxf6+ Kxf6 37. Rf3+ Kg7 38. Nxf7 Rb8 39. Be6 Rb7 40. Rf4 Rbxf7 41. Bxf7 Rxf7 42. Ra4 Rf5 43. f3 Rb5 44. g4 hxg4 45. fxg4 Kf6 46. Kg3 Rb3+ 47. Kg2 Rb2+ 48. Kf3 Rb3+ 49. Kf2 Rb2+ 50. Ke3 Rb3+ 51. Kd4 Rb5 52. Kd3 Rc5 53. Rd4 Rb5 54. Rd6+ Kf7 55. Kd4 Rb4+ 56. Ke5 Rxg4 57. Rd7+ Ke8 58. Ra7 Rxh4 59. Ke6 Re4+ 60. Kf6 Ra4 61. Kxg6 Ra1 62. Kf5 a4 63. Ke6 Re1+ 64. Kd5 Ra1 65. Kc4 a3 66. Kb3 a2 67. Rxa2 Rxa2 68. Kxa2 1/2-1/2


[Site "https://www.chess.com"]

[Event "Titled Tuesday Blitz July 26 Late 2022"]
[White "Fishbein, Alexander"]
[Black "Karas, Marek"]
[WhiteFideId "2000377"]
[BlackFideId "14928558"]
[WhiteElo "2410"]
[BlackElo "2250"]
[Result "1/2-1/2"]
[Round "08"]
[TimeControl "180+1"]
[Date "2022.07.26"]
[WhiteClock "0:00:03"]
[BlackClock "0:00:22"]

1. Nf3 Nf6 2. c4 e6 3. g3 d5 4. b3 Be7 5. Bg2 O-O 6. O-O c6 7. Ba3 Bxa3 8. Nxa3 Nbd7 9. Qc1 Qe7 10. d3 e5 11. cxd5 cxd5 12. Nb5 Nb6 13. Qc7 Bd7 14. Nxe5 Ne8 15. Qxb7 Qxe5 16. a4 Bxb5 17. axb5 Nd6 18. Qa6 Qxe2 19. Qa3 Nxb5 20. Qc5 Qxd3 21. Rfd1 Qxb3 22. Rab1 Qc4 23. Qxc4 dxc4 24. Rxb5 Rad8 25. Rc1 g6 26. Ra5 Rd7 27. Bf1 Rc7 28. Ra3 Rfc8 29. Rac3 Nd5 30. Rxc4 Rxc4 31. Rxc4 Rxc4 32. Bxc4 Nb6 33. Ba6 Kg7 34. f4 Kf6 35. Kf2 Ke6 36. Ke3 Kd5 37. Kd3 f6 38. h4 Nd7 39. Bc4+ Kc5 40. Bg8 h6 41. Bf7 g5 42. Ke4 gxh4 43. gxh4 Kd6 44. Kf5 Ke7 45. Bg8 Nf8 46. Bb3 a5 47. h5 a4 48. Bxa4 Kf7 49. Bb3+ Kg7 50. Be6 Nh7 51. Bc8 Nf8 52. Be6 Nh7 53. Bd5 Nf8 54. Bc6 Kf7 55. Bd5+ Kg7 56. Bc4 Nd7 57. Bb5 Nc5 58. Bc4 Nd7 59. Bb5 Nb6 60. Ke6 Nc8 61. Kd7 Nb6+ 62. Kd6 Nc8+ 63. Ke6 Nb6 64. Kd6 Nc8+ 65. Kd7 Nb6+ 66. Kc6 Nc8 67. Kd7 1/2-1/2


[Site "https://www.chess.com"]

[Event "Titled Tuesday Blitz July 26 Late 2022"]
[White "Hafiz, Arif Abdul"]
[Black "Bortnyk, Olexandr"]
[WhiteFideId "7104227"]
[BlackFideId "14120828"]
[WhiteElo "2198"]
[BlackElo "2723"]
[Result "0-1"]
[Round "08"]
[TimeControl "180+1"]
[Date "2022.07.26"]
[WhiteClock "0:00:10"]
[BlackClock "0:00:34"]

1. e4 d6 2. d4 Nf6 3. Nc3 Nbd7 4. Nf3 e5 5. Be3 Be7 6. Bc4 c6 7. O-O h6 8. a4 Qc7 9. h3 g5 10. Nd2 Nf8 11. d5 Ng6 12. a5 Nh4 13. g3 Ng6 14. Kg2 Rg8 15. a6 b5 16. Bd3 b4 17. Ne2 cxd5 18. Bb5+ Bd7 19. Bxd7+ Qxd7 20. exd5 Nxd5 21. Kh2 f5 22. Nc4 Nf6 23. Ng1 f4 24. Bd2 d5 25. Na5 g4 26. Qe1 gxh3 27. Bxb4 d4 28. Bxe7 Qd5 29. f3 fxg3+ 30. Qxg3 Nf4 31. Qh4 Rg2+ 32. Kh1 Qg8 33. Rf2 Kxe7 34. Nc6+ Ke6 35. Re1 Rxf2 36. Qxf2 Qg2+ 37. Qxg2 hxg2+ 38. Kh2 Kd5 39. Nxe5 Rb8 40. b3 Re8 41. Nd3 Nxd3 42. Rxe8 Nxe8 43. cxd3 Nc7 44. Kxg2 Nxa6 45. Ne2 Nc5 46. Nc1 a5 47. f4 Ke6 48. Kf3 Kf5 49. Kg3 h5 50. Kf3 h4 51. b4 axb4 52. Na2 b3 53. Nb4 b2 0-1


[Site "https://www.chess.com"]

[Event "Titled Tuesday Blitz July 26 Late 2022"]
[White "Horcajuelo Rocamora, Martin"]
[Black "Voege, Tobias"]
[WhiteFideId "24573027"]
[BlackFideId "1270513"]
[WhiteElo "1882"]
[BlackElo "2379"]
[Result "0-1"]
[Round "08"]
[TimeControl "180+1"]
[Date "2022.07.27"]
[WhiteClock "0:00:01"]
[BlackClock "0:00:09"]

1. e4 e6 2. d4 d5 3. exd5 exd5 4. Bd3 c5 5. dxc5 Nc6 6. Nf3 Bxc5 7. O-O Nge7 8. c3 Bg4 9. Re1 Qd7 10. Bf4 O-O 11. Nbd2 Ng6 12. Bg3 Rfe8 13. Qc2 Rac8 14. a3 a6 15. h3 Be6 16. Ng5 Nd8 17. Nxe6 Nxe6 18. Bf5 d4 19. cxd4 Bxd4 20. Qd3 Qb5 21. Qxb5 axb5 22. Nf3 Bxb2 23. Rab1 Bc3 24. Rec1 Rc5 25. Bd3 b4 26. axb4 Bxb4 27. Rxc5 Bxc5 28. Rxb7 h6 29. Bb5 Rd8 30. Bc4 Re8 31. Kh2 Re7 32. Rb8+ Kh7 33. Bd3 Nd4 34. Nxd4 Bxd4 35. h4 h5 36. Rb5 Kh6 37. Rg5 Bf6 38. Rf5 Bxh4 39. Bxh4 Nxh4 40. Rf4 Ng6 41. Ra4 Re6 42. f3 Ne5 43. Be4 g6 44. Ra5 f5 45. Bd5 Rd6 46. Bb3 Nd3 47. Rd5 Rxd5 48. Bxd5 Kg5 49. Bc4 Ne5 50. Bf1 Kf4 51. Kh3 g5 52. Bb5 h4 53. Be8 Nc4 54. Bb5 Ne3 55. Be2 Nc2 56. Bd3 Nb4 57. Bc4 Nc6 58. Bg8 Nd4 59. Bd5 Nc2 60. Bb3 Ne3 61. Ba4 Nc4 62. Bc6 Ne3 63. Bb7 Nf1 64. Bc6 Ke5 65. Bb7 Ng3 66. Bc6 Kd4 0-1


[Site "https://www.chess.com"]

[Event "Titled Tuesday Blitz July 26 Late 2022"]
[White "Howell, David W L"]
[Black "Matinian, Nikita"]
[WhiteFideId "410608"]
[BlackFideId "24129100"]
[WhiteElo "2559"]
[BlackElo "2422"]
[Result "1-0"]
[Round "08"]
[TimeControl "180+1"]
[Date "2022.07.26"]
[WhiteClock "0:00:08"]
[BlackClock "0:00:01"]

1. e4 c5 2. Nf3 d6 3. d4 cxd4 4. Nxd4 Nf6 5. Nc3 g6 6. g3 Bg7 7. Bg2 O-O 8. O-O Nc6 9. Nde2 Rb8 10. a4 a6 11. h3 b5 12. axb5 axb5 13. Re1 b4 14. Nd5 e6 15. Nxf6+ Bxf6 16. Bh6 Re8 17. Ra2 Qc7 18. Qd2 Ne5 19. b3 Rb6 20. Kh2 Bb7 21. Rd1 d5 22. exd5 exd5 23. Nf4 d4 24. Ra7 Qb8 25. Rxb7 Rxb7 26. Nd5 Bh8 27. Qf4 f5 28. Rxd4 Nf7 29. Rc4 Nxh6 30. Qxh6 Bg7 31. Qh4 Rf7 32. Rxb4 Qd8 33. Qc4 Kh8 34. h4 Ra7 35. Nf4 Rc7 36. Qa6 Rxc2 37. Qa7 Qe7 38. Rb7 Qe5 39. h5 g5 40. h6 gxf4 41. Rxg7 fxg3+ 42. Kh3 Qf6 43. Rxh7+ Kg8 44. Bd5+ Re6 45. Bxe6+ Qxe6 46. Qg7# 1-0


[Site "https://www.chess.com"]

[Event "Titled Tuesday Blitz July 26 Late 2022"]
[White "Jacobson, Brandon"]
[Black "Oparin, Grigoriy"]
[WhiteFideId "30901561"]
[BlackFideId "24125890"]
[WhiteElo "2362"]
[BlackElo "2639"]
[Result "0-1"]
[Round "08"]
[TimeControl "180+1"]
[Date "2022.07.26"]
[WhiteClock "0:01:39"]
[BlackClock "0:01:40"]

1. d4 Nf6 2. c4 e6 3. Nc3 Bb4 4. e3 O-O 5. Bd3 d5 6. cxd5 exd5 7. Ne2 Re8 8. Bd2 c5 9. a3 Bxc3 10. Nxc3 cxd4 11. Ne2 dxe3 12. Bxe3 Nc6 13. O-O Bg4 14. Qd2 Bxe2 15. Bxe2 d4 16. Bf4 Ne4 17. Qd1 Qf6 18. g3 Rad8 19. Bf3 d3 20. Re1 Qd4 21. Bxe4 Rxe4 22. Qd2 h6 23. Rxe4 Qxe4 24. Re1 Qd5 25. Qd1 Nd4 0-1


[Site "https://www.chess.com"]

[Event "Titled Tuesday Blitz July 26 Late 2022"]
[White "Jarocka, Liwia"]
[Black "Zanette, Edgard Vinicius"]
[WhiteFideId "21807558"]
[BlackFideId "2109263"]
[WhiteElo "1840"]
[BlackElo "2182"]
[Result "1/2-1/2"]
[Round "08"]
[TimeControl "180+1"]
[Date "2022.07.27"]
[WhiteClock "0:00:32"]
[BlackClock "0:00:08"]

1. e4 c5 2. Nf3 d6 3. d4 cxd4 4. Nxd4 Nf6 5. Nc3 a6 6. Be3 e5 7. Nb3 Be7 8. f3 h5 9. Qd2 Be6 10. Nd5 Nxd5 11. exd5 Bf5 12. O-O-O Qc7 13. Bd3 Bxd3 14. Qxd3 Nd7 15. Kb1 Rc8 16. Rc1 Qc4 17. Rhd1 Qxd3 18. Rxd3 f5 19. c4 b6 20. f4 O-O 21. Rd2 Bf6 22. g3 Rfe8 23. fxe5 Bxe5 24. Bg1 f4 25. Rd3 Nc5 26. Nxc5 bxc5 27. gxf4 Bxf4 28. Rf1 Be5 29. b3 Rf8 30. Rdf3 Rxf3 31. Rxf3 Rf8 32. Rxf8+ Kxf8 33. Kc2 Kf7 34. Kd3 g5 35. h3 Kf6 36. Ke4 g4 37. hxg4 hxg4 38. a3 Bb2 39. Kf4 Bxa3 40. Kxg4 Bc1 41. Kf3 Bb2 42. Ke3 Be5 43. Kd3 Kf5 44. Be3 Kg4 45. Ke4 Bh2 46. Bd2 Be5 47. Ba5 Bh2 48. Bc3 Bg3 49. Bf6 Bh2 50. Be7 Bg3 51. Kd3 Kf3 52. Bf6 Bh2 53. Kc3 Ke4 54. Be7 Be5+ 55. Kc2 Kd4 56. Bf8 Bf6 57. Bh6 Be5 58. Bd2 Ke4 59. Ba5 Bf4 60. Bc3 Bg3 61. b4 cxb4 62. Bxb4 Kd4 63. Kb3 Kd3 64. Ba3 Kd4 65. Bb2+ Kd3 66. Bg7 Bf4 67. Bb2 Bg3 68. Ba3 Bf4 69. Bb4 Be5 70. c5 dxc5 71. Bxc5 Ke4 72. d6 Bxd6 73. Bxd6 Kd5 74. Ba3 Kc6 75. Ka4 Kb6 76. Bb4 Kb7 77. Ba5 Ka8 78. Bb4 Kb7 79. Ba5 Ka8 80. Bb4 Kb7 1/2-1/2


[Site "https://www.chess.com"]

[Event "Titled Tuesday Blitz July 26 Late 2022"]
[White "Katz, Alexander"]
[Black "Petrovic, Aleksa"]
[WhiteFideId "2039796"]
[BlackFideId "967629"]
[WhiteElo "2386"]
[BlackElo "2185"]
[Result "0-1"]
[Round "08"]
[TimeControl "180+1"]
[Date "2022.07.27"]
[WhiteClock "0:00:03"]
[BlackClock "0:00:04"]

1. d4 e6 2. c4 Nf6 3. Nf3 b6 4. g3 Ba6 5. b3 d5 6. Bg2 Bb4+ 7. Bd2 Bd6 8. Qc2 O-O 9. O-O Nbd7 10. a4 dxc4 11. bxc4 Bb7 12. Nc3 Bb4 13. Rad1 c5 14. Bg5 Bxc3 15. Qxc3 Ne4 16. Qe3 Nxg5 17. Nxg5 Bxg2 18. Kxg2 h6 19. dxc5 Qc8 20. Ne4 f5 21. Nd6 Qc6+ 22. f3 Nxc5 23. Nb5 Rfd8 24. Nd4 Qxa4 25. Rc1 Qe8 26. Rfd1 Rd7 27. Nb5 Rad8 28. Rxd7 Qxd7 29. Ra1 a5 30. Qe5 Qf7 31. h4 Qf6 32. Qc7 Rd7 33. Qc8+ Kh7 34. Rf1 Rd2 35. Rf2 Qe5 36. Kf1 Qa1+ 37. Kg2 Qe1 38. Qc6 Rxe2 39. Rxe2 Qxe2+ 40. Kg1 Nd3 41. Qxb6 Qxf3 42. Kh2 Qe2+ 43. Kg1 Qf3 44. Kh2 Ne1 45. Qg1 Qe2+ 46. Kh3 Qg4+ 47. Kh2 Nf3+ 0-1


[Site "https://www.chess.com"]

[Event "Titled Tuesday Blitz July 26 Late 2022"]
[White "Koellner, Ruben Gideon"]
[Black "Fieberg, Samuel"]
[WhiteFideId "12993093"]
[BlackFideId "12901717"]
[WhiteElo "2515"]
[BlackElo "2416"]
[Result "0-1"]
[Round "08"]
[TimeControl "180+1"]
[Date "2022.07.27"]
[WhiteClock "0:00:01"]
[BlackClock "0:00:20"]

1. d4 d5 2. Nf3 e6 3. Nbd2 Nf6 4. e3 c5 5. c3 Nc6 6. Bd3 Bd6 7. O-O O-O 8. dxc5 Bxc5 9. b4 Bd6 10. Bb2 a6 11. Qe2 Bd7 12. a3 b5 13. a4 e5 14. axb5 axb5 15. e4 Qb6 16. exd5 Nxd5 17. Bxh7+ Kxh7 18. Qd3+ Kg8 19. Qxd5 Ne7 20. Qxa8 Rxa8 21. Rxa8+ Kh7 22. Ne4 Bc6 23. Raa1 Bxe4 24. Ng5+ Kg6 25. Nxe4 f5 26. Nxd6 Qxd6 27. Rfd1 Qc6 28. c4 bxc4 29. Bxe5 Nd5 30. Rab1 c3 31. b5 Qc5 32. Rdc1 c2 33. Rb2 Nb4 0-1


[Site "https://www.chess.com"]

[Event "Titled Tuesday Blitz July 26 Late 2022"]
[White "Kopczynski, Michal"]
[Black "Wu, Rochelle"]
[WhiteFideId "1124200"]
[BlackFideId "30908132"]
[WhiteElo "2235"]
[BlackElo "2168"]
[Result "0-1"]
[Round "08"]
[TimeControl "180+1"]
[Date "2022.07.26"]
[WhiteClock "0:00:08"]
[BlackClock "0:00:32"]

1. e4 g6 2. d4 Bg7 3. Nc3 c6 4. Be3 d5 5. e5 h5 6. Qd2 Nh6 7. f3 Nf5 8. Bf2 Bh6 9. f4 b6 10. Bd3 Qc7 11. Nge2 a6 12. h3 Bg7 13. O-O-O h4 14. Qe1 b5 15. Bxf5 Bxf5 16. Bxh4 b4 17. g4 Bxc2 18. Kxc2 bxc3 19. Nxc3 Nd7 20. e6 fxe6 21. Bg5 Kf7 22. Qe2 c5 23. Rhe1 Qc6 24. dxc5 Nxc5 25. f5 d4 26. fxg6+ Ke8 27. Qf2 Rf8 28. Qh4 dxc3 29. Bxe7 Qg2+ 30. Kb1 Qxb2# 0-1


[Site "https://www.chess.com"]

[Event "Titled Tuesday Blitz July 26 Late 2022"]
[White "Korchmar, Vasiliy"]
[Black "Sivakumar, Shaashwath"]
[WhiteFideId "24131750"]
[BlackFideId "30912156"]
[WhiteElo "2370"]
[BlackElo "1823"]
[Result "1-0"]
[Round "08"]
[TimeControl "180+1"]
[Date "2022.07.26"]
[WhiteClock "0:01:31"]
[BlackClock "0:00:29"]

1. e4 c5 2. Nf3 d6 3. d4 cxd4 4. Nxd4 Nf6 5. Nc3 a6 6. f3 e5 7. Nb3 Be6 8. Be3 h5 9. Qd2 Nbd7 10. Nd5 Bxd5 11. exd5 Be7 12. Na5 Qc7 13. c4 O-O 14. Be2 e4 15. f4 Rfe8 16. O-O Bf8 17. b4 Rac8 18. Rac1 h4 19. Qe1 h3 20. g4 g6 21. Qh4 Bg7 22. Qxh3 Nb8 23. g5 Nfd7 24. f5 gxf5 25. Rxf5 Nf8 26. Rcf1 Re7 27. Nb3 Ng6 28. Nd4 Ne5 29. R5f4 Nf3+ 30. Bxf3 exf3 31. Nf5 Rxe3 32. Nxe3 Qe7 33. Qxc8+ 1-0


[Site "https://www.chess.com"]

[Event "Titled Tuesday Blitz July 26 Late 2022"]
[White "Kozin, Yuri"]
[Black "Sanchez Alarcon, Juan"]
[WhiteFideId "4129920"]
[BlackFideId "3401332"]
[WhiteElo "2545"]
[BlackElo "2164"]
[Result "1-0"]
[Round "08"]
[TimeControl "180+1"]
[Date "2022.07.27"]
[WhiteClock "0:00:29"]
[BlackClock "0:01:46"]

1. e4 c5 2. Nf3 d6 3. d4 cxd4 4. Nxd4 Nf6 5. Nc3 a6 6. Be3 e6 7. f4 Nc6 8. Bd3 Qc7 9. Qf3 Be7 10. Nb3 b5 11. O-O-O Bb7 12. Kb1 Rc8 13. g4 Nb4 14. g5 Nd7 15. Rc1 O-O 16. h4 d5 17. h5 dxe4 18. Bxe4 Bxe4 19. Qxe4 Nb6 20. h6 g6 21. Qd4 e5 22. Qxb6 Qxb6 23. Bxb6 exf4 24. Rhg1 Nc6 25. Rce1 Bd6 26. Nd4 Ne5 27. Nd5 1-0


[Site "https://www.chess.com"]

[Event "Titled Tuesday Blitz July 26 Late 2022"]
[White "Krastev, Alexander"]
[Black "Rosen, Eric"]
[WhiteFideId "12989983"]
[BlackFideId "2032562"]
[WhiteElo "2479"]
[BlackElo "2362"]
[Result "1-0"]
[Round "08"]
[TimeControl "180+1"]
[Date "2022.07.26"]
[WhiteClock "0:00:18"]
[BlackClock "0:00:02"]

1. e4 c5 2. Nc3 a6 3. Nge2 e6 4. g3 b5 5. d4 cxd4 6. Nxd4 Bb7 7. Bg2 d6 8. O-O Nf6 9. Re1 Qc7 10. a4 bxa4 11. Nd5 exd5 12. exd5+ Kd8 13. c4 Nbd7 14. Rxa4 g6 15. Bd2 Kc8 16. Ba5 Qc5 17. Nc6 Ne5 18. Bb4 Qb6 19. c5 dxc5 20. Ba5 Qb5 21. Nxe5 Bd6 22. Nxf7 Kd7 23. Bh3+ Ng4 24. Bxg4# 1-0


[Site "https://www.chess.com"]

[Event "Titled Tuesday Blitz July 26 Late 2022"]
[White "Leiva, Gianmarco"]
[Black "Sarana, Alexey"]
[WhiteFideId "3804399"]
[BlackFideId "24133795"]
[WhiteElo "2323"]
[BlackElo "2666"]
[Result "0-1"]
[Round "08"]
[TimeControl "180+1"]
[Date "2022.07.26"]
[WhiteClock "0:00:02"]
[BlackClock "0:00:15"]

1. d4 Nf6 2. Nf3 d5 3. Bf4 c5 4. e3 Nc6 5. Nbd2 Qb6 6. dxc5 Qxb2 7. Rb1 Qa3 8. Bb5 g6 9. c4 Bg7 10. Ne5 Qxc5 11. Nb3 Qb6 12. a4 O-O 13. c5 Qd8 14. Nxc6 bxc6 15. Bxc6 Bf5 16. Bxa8 Bxb1 17. Bb7 Be4 18. O-O Nh5 19. Bg5 Qc7 20. c6 Be5 21. f4 Bd6 22. Nd4 Qb6 23. Qb3 Qc5 24. Qb2 Qa5 25. Nb5 Bc5 26. c7 Bf5 27. Qc1 Qb6 0-1


[Site "https://www.chess.com"]

[Event "Titled Tuesday Blitz July 26 Late 2022"]
[White "Leve, Nitai"]
[Black "Nozdrachev, Leonid"]
[WhiteFideId "2006898"]
[BlackFideId "24113433"]
[WhiteElo "2144"]
[BlackElo "2100"]
[Result "0-1"]
[Round "08"]
[TimeControl "180+1"]
[Date "2022.07.27"]
[WhiteClock "0:00:05"]
[BlackClock "0:00:07"]

1. e4 d6 2. d4 Nf6 3. Nc3 e5 4. Be3 Ng4 5. Bc4 Nxe3 6. fxe3 Nc6 7. Nf3 Bg4 8. O-O Qd7 9. dxe5 Bxf3 10. Qxf3 Nxe5 11. Qe2 c6 12. Rad1 Be7 13. Bb3 O-O 14. Qh5 Qc7 15. Ne2 a5 16. c3 a4 17. Bc2 Qb6 18. Nd4 g6 19. Qh6 Qxb2 20. Rd2 Qxc3 21. Re2 c5 22. Nf3 Bf6 23. Ng5 Bxg5 24. Qxg5 b5 25. h4 h5 26. Rf4 b4 27. g4 Nxg4 28. e5 Qxe5 29. Rxg4 hxg4 30. Qxg4 Kg7 31. Rg2 Qxe3+ 32. Kh1 Qe1+ 33. Rg1 Qe6 34. Qg3 Qf6 35. Kg2 Rh8 36. Rf1 Qxh4 37. Rxf7+ Kxf7 38. Qxg6+ Ke7 39. Qg7+ Ke6 40. Qg6+ Qf6 41. Bf5+ Ke7 42. Qg4 Rag8 43. Kf3 Rxg4 0-1


[Site "https://www.chess.com"]

[Event "Titled Tuesday Blitz July 26 Late 2022"]
[White "Lewtak, Damian"]
[Black "Csonka, Balazs"]
[WhiteFideId "1141724"]
[BlackFideId "742910"]
[WhiteElo "2359"]
[BlackElo "2404"]
[Result "1-0"]
[Round "08"]
[TimeControl "180+1"]
[Date "2022.07.26"]
[WhiteClock "0:00:03"]
[BlackClock "0:00:02"]

1. e4 c5 2. Nf3 e6 3. d3 b5 4. a4 b4 5. Nbd2 Bb7 6. g3 d5 7. Bg2 Nf6 8. O-O Be7 9. Qe2 O-O 10. e5 Nfd7 11. Re1 Nc6 12. Nf1 Qc7 13. Bf4 Rfc8 14. h4 a5 15. N1h2 Qd8 16. Ng4 Ba6 17. Qe3 Nd4 18. Nxd4 cxd4 19. Qe2 Rc6 20. b3 Rac8 21. Ra2 Qc7 22. Rc1 Rc3 23. Nf6+ Nxf6 24. exf6 Bd6 25. Qg4 g6 26. Bf1 Bxf4 27. gxf4 Kh8 28. Qg5 Rg8 29. Be2 Rxb3 30. Kg2 Rc3 31. Rb2 b3 32. Qh6 Rxc2 33. Rbxc2 bxc2 34. h5 Qc3 35. f5 exf5 36. Kh2 g5 37. Bg4 Qc7+ 38. Kg2 fxg4 39. Re1 c1=Q 40. Re8 Qh1+ 41. Kxh1 Qc1+ 42. Kg2 g3 43. Qg7# 1-0


[Site "https://www.chess.com"]

[Event "Titled Tuesday Blitz July 26 Late 2022"]
[White "Martinez Alcantara, Jose Eduardo"]
[Black "Kamsky, Gata"]
[WhiteFideId "3805662"]
[BlackFideId "2000024"]
[WhiteElo "2703"]
[BlackElo "2645"]
[Result "0-1"]
[Round "08"]
[TimeControl "180+1"]
[Date "2022.07.26"]
[WhiteClock "0:00:06"]
[BlackClock "0:00:09"]

1. e4 e5 2. Nf3 Nc6 3. Bb5 a6 4. Ba4 Nf6 5. d3 d6 6. c3 g6 7. h3 Bg7 8. O-O O-O 9. Be3 Re8 10. Re1 b5 11. Bc2 Bb7 12. Nbd2 Nb8 13. Bg5 Nbd7 14. a4 c5 15. Bb3 h6 16. Bh4 Qb6 17. Bg3 d5 18. exd5 Nxd5 19. c4 Nf4 20. cxb5 axb5 21. axb5 Rxa1 22. Qxa1 Nxd3 23. Qa2 Ra8 24. Bxf7+ Kf8 25. Qb3 Nxe1 26. Nxe1 Ra1 27. Kf1 Qd6 28. Nc4 Qf6 29. Bg8 Be4 30. Nd2 Bf5 31. Bd5 Nb6 32. Bc6 Qd6 33. Nf3 Qd1 34. Qe3 Kg8 35. Bxe5 Nc4 36. Qc3 Nxe5 37. Nxe5 Qxe1+ 38. Qxe1 Rxe1+ 39. Kxe1 Bxe5 40. b6 Kg7 41. b7 Bc7 42. b3 Kf6 43. Ke2 Ke5 44. h4 Be6 45. Ba4 Bd5 46. g3 Bxb7 47. Be8 g5 48. hxg5 hxg5 49. Kd3 Bd5 50. Kc2 Kd4 51. Bb5 Ba5 52. Be2 Be1 53. f4 Bxg3 54. fxg5 Be4+ 55. Kb2 Bf4 56. b4 cxb4 57. Kb3 Kc5 58. g6 Bxg6 59. Bf1 Bf7+ 60. Ka4 b3 61. Ka3 Bc1+ 62. Ka4 Kd4 63. Bc4 Kxc4 0-1


[Site "https://www.chess.com"]

[Event "Titled Tuesday Blitz July 26 Late 2022"]
[White "Martinez, Shawn"]
[Black "Gulecyuz, Deniz"]
[WhiteFideId "2039770"]
[BlackFideId "30921341"]
[WhiteElo "2174"]
[BlackElo "1923"]
[Result "1-0"]
[Round "08"]
[TimeControl "180+1"]
[Date "2022.07.27"]
[WhiteClock "0:00:08"]
[BlackClock "0:00:05"]

1. e4 c5 2. Nc3 Nc6 3. Bb5 e6 4. Bxc6 bxc6 5. d3 d5 6. f4 Be7 7. Nf3 Nf6 8. O-O O-O 9. Qe1 c4 10. d4 dxe4 11. Nxe4 Nxe4 12. Qxe4 Qd5 13. Re1 Qxe4 14. Rxe4 Bd6 15. Ne5 Bb7 16. Nxc4 Bc7 17. Re1 Rfd8 18. Be3 Ba6 19. Ne5 Bxe5 20. dxe5 Bc4 21. b3 Bd5 22. Rad1 a5 23. c4 Be4 24. Bb6 Rxd1 25. Rxd1 a4 26. Rd8+ Rxd8 27. Bxd8 axb3 28. axb3 c5 29. Be7 Bc2 30. b4 cxb4 31. Bxb4 Bb3 32. c5 Bd5 33. g3 f6 34. exf6 gxf6 35. Kf2 Kf7 36. Ke3 f5 37. Kd4 Kf6 38. Ba5 Ke7 39. Ke5 Ba8 40. Bc7 Bc6 41. Bd6+ Kf7 42. Bb8 Ke7 43. Bd6+ Kf7 44. h4 h5 45. Bc7 Bd5 46. Kd6 Ke8 47. Ba5 Ba8 48. c6 Kf7 49. c7 Bb7 50. Kd7 Kf6 51. Bc3+ 1-0


[Site "https://www.chess.com"]

[Event "Titled Tuesday Blitz July 26 Late 2022"]
[White "Martynenko, Ivan"]
[Black "Estrada Nieto, Julian"]
[WhiteFideId "2053179"]
[BlackFideId "5101018"]
[WhiteElo "2277"]
[BlackElo "2252"]
[Result "0-1"]
[Round "08"]
[TimeControl "180+1"]
[Date "2022.07.27"]
[WhiteClock "0:00:06"]
[BlackClock "0:00:09"]

1. e4 e5 2. Nf3 Nc6 3. Bc4 Bc5 4. d3 d6 5. Nc3 Nf6 6. h3 Na5 7. Bb3 Nxb3 8. axb3 a6 9. Qe2 h6 10. Be3 Bxe3 11. Qxe3 O-O 12. O-O-O Re8 13. g4 d5 14. Qd2 b5 15. g5 hxg5 16. Qxg5 b4 17. Rhg1 g6 18. Ne2 Qd6 19. h4 Nh7 20. Qh6 Qf6 21. Ng5 Qg7 22. Qxg7+ Kxg7 23. Nxh7 Kxh7 24. exd5 Bb7 25. c4 bxc3 26. Nxc3 Rad8 27. Rg4 Bxd5 28. Nxd5 Rxd5 29. Rc4 c5 30. b4 cxb4 31. Rxb4 Rc8+ 32. Kd2 Rdc5 33. Ra1 a5 34. Rb7 Kg7 35. Ra2 Rd5 36. Ke3 Rcd8 37. Ra3 Rd4 38. Ra7 Rxh4 39. R3xa5 Rh3+ 40. Ke2 Rhxd3 41. Rxe5 Rd2+ 42. Kf3 Rxb2 43. Ree7 Rf8 44. Kg2 Rb6 45. Kg3 Rf6 46. f3 Rd8 47. Re3 Rd5 48. Kg4 Rdf5 49. Rc3 Rf4+ 50. Kg3 R4f5 51. Kg4 Rh5 52. Rd3 Rh1 53. Kg3 Rg1+ 54. Kf2 Rc1 55. Kg3 g5 56. Rb3 Rg1+ 57. Kf2 Rd1 58. Kg3 Rd2 59. Rab7 Kg6 60. R7b6 Rxb6 61. Rxb6+ f6 62. Rb8 Rd3 63. Rg8+ Kf5 64. Rb8 Rd5 65. Rb3 Re5 66. Ra3 Kg6 67. Rb3 Kh5 68. Ra3 f5 69. Rb3 f4+ 70. Kg2 Re2+ 71. Kf1 Rc2 72. Rb5 Kh4 73. Rd5 Ra2 74. Ke1 Rg2 75. Kf1 Rg3 76. Kf2 Rh3 77. Kg2 Rg3+ 78. Kf2 Kh3 79. Rd8 Rg2+ 80. Kf1 Kg3 81. Rd3 Rf2+ 0-1


[Site "https://www.chess.com"]

[Event "Titled Tuesday Blitz July 26 Late 2022"]
[White "Melaugh, Shane"]
[Black "Nazaretyan, Tigran"]
[WhiteFideId "2509580"]
[BlackFideId "24162345"]
[WhiteElo "1938"]
[BlackElo "2179"]
[Result "0-1"]
[Round "08"]
[TimeControl "180+1"]
[Date "2022.07.27"]
[WhiteClock "0:00:04"]
[BlackClock "0:00:17"]

1. e4 c5 2. c4 Nc6 3. Nc3 g6 4. g3 Bg7 5. Bg2 Nf6 6. Nge2 O-O 7. O-O Ne8 8. f4 Nc7 9. f5 e6 10. g4 d5 11. exd5 exd5 12. cxd5 Nb4 13. d4 cxd4 14. Nxd4 Ncxd5 15. Nxd5 Nxd5 16. Kh1 Nb6 17. Be3 Nc4 18. Bg1 Nxb2 19. Qd2 Nc4 20. Qd3 Ne5 21. Qe4 Re8 22. Rae1 Bd7 23. Qxb7 Rb8 24. Qd5 Ba4 25. fxg6 hxg6 26. Rxe5 Rxe5 27. Qxf7+ Kh7 28. Qxa7 Re7 29. Qxa4 Qd6 30. Nf3 Rb4 31. Qa5 Rxg4 32. Bc5 Qc7 33. Qxc7 Rxc7 34. Be3 Bf6 35. a4 Kg7 36. a5 Ra4 37. Bb6 Rc2 38. Ne1 Re2 39. Bf3 Rd2 40. Rg1 Raa2 41. Bc7 Bd8 42. Bf4 Rdc2 43. Be4 Rc4 44. Rxg6+ Kf7 45. Bd5+ Kxg6 46. Bxc4 Rxa5 47. Bg3 Ra4 48. Bd3+ Kg5 49. Kg2 Ra2+ 50. Kf3 Ba5 51. Ng2 Kf6 52. Ne3 Ra3 53. Be4 Bd2 54. Bh4+ Ke5 55. Bf2 Kd4 56. Bf5 Bxe3 57. Bxe3+ Rxe3+ 58. Kg4 Re1 59. h4 Ke5 60. Bg6 Rg1+ 61. Kh5 Kf4 62. Kh6 Kg4 63. h5 Kf4 64. Kg7 Kg5 65. h6 Ra1 66. h7 Ra7+ 67. Kf8 Kxg6 68. h8=Q Ra8+ 0-1


[Site "https://www.chess.com"]